 Dungeon Crawl Stone Soup version 0.28-a0-1447-ga5a8893891 (webtiles) character file.

Game seed: 3034504670110548976

2811 herbaltea the Purveyor of Pain (level 9, 0/67 HPs)
             Began as a Mummy Necromancer on Jan 11, 2022.
             Was an Initiate of Kikubaaqudgha.
             Slain by a wyvern zombie (1 damage)
             ... on level 6 of the Dungeon.
             The game lasted 00:37:41 (9144 turns).

herbaltea the Purveyor of Pain (Mummy Necromancer)  Turns: 9144, Time: 00:37:42

Health: 0/67       AC:  6    Str: 13    XL:     9   Next: 44%
Magic:  19/19      EV: 11    Int: 17    God:    Kikubaaqudgha [......]
Gold:   256        SH:  0    Dex: 12    Spells: 16/21 levels left

rFire   x . .      SeeInvis +   s - +1 hand axe (vorpal)
rCold   + . .      Faith    .   (no shield)
rNeg    + + +      Spirit   .   q - +0 ring mail
rPois   ∞          Reflect  .   (no helmet)
rElec   .          Harm     .   D - +0 cloak
rCorr   .          Rampage  .   (no gloves)
Will    +....                   (no boots)
Stlth   ++........              (no amulet)
HPRegen 0.21/turn               v - ring of wizardry
MPRegen 0.16/turn               F - ring of see invisible

@: no status effects
A: cold resistance 1, negative energy resistance 3, torment resistance 2, heat
vulnerability 1, no potions
a: Renounce Religion


You were on level 6 of the Dungeon.
You worshipped Kikubaaqudgha.
Kikubaaqudgha was noncommittal.
You visited 2 branches of the dungeon, and saw 7 of its levels.

You collected 256 gold pieces.

Inventory:

Hand Weapons
 a - a +2 whip of freezing
 b - a +0 shortbow
 m - a +1 hand axe of freezing
 s - a +1 vorpal hand axe (weapon)
Missiles
 c - 224 stones
 h - 39 poisoned darts (quivered)
 i - 26 bolts
 o - 25 arrows
 p - 2 boomerangs
 w - 61 sling bullets
Armour
 j - an orb of energy
 l - a +0 chain mail
 q - a +0 ring mail (worn)
 r - a +0 scale mail
 D - a +0 cloak (worn)
Magical Staves
 u - a staff of air
Jewellery
 v - a ring of wizardry (left hand)
 B - a ring of wizardry
 F - a ring of see invisible (right hand)
Wands
 n - a wand of flame (21)
 y - a wand of iceblast (13)
Scrolls
 d - a scroll of immolation {unknown}
 e - 8 scrolls of identify {unknown}
 f - 3 scrolls of enchant weapon {unknown}
 g - a scroll of holy word {unknown}
 k - a scroll of fear {unknown}
 t - 3 scrolls of enchant armour {unknown}
 x - a scroll of fog {unknown}
 z - a scroll of torment {unknown}
 A - a scroll of noise {unknown}
 C - a scroll of acquirement {unknown}
 E - a scroll of magic mapping {unknown}


   Skills:
 + Level 4.9 Fighting
 - Level 0.9 Axes
 - Level 0.4 Throwing
 - Level 1.3 Armour
 + Level 4.1 Dodging
 + Level 4.5 Stealth
 + Level 6.9 Spellcasting
 * Level 9.0 Necromancy


You had 16 spell levels left.
You knew the following spells:

 Your Spells              Type           Power      Damage    Failure   Level
b - Pain                  Necr           100%       1d9       1%          1
v - Vampiric Draining     Necr           36%        2d8       1%          3
z - Animate Skeleton      Necr           72%        N/A       1%          1

Your spell library contained the following spells:

 Spells                   Type           Power      Damage    Failure   Level
 Animate Dead             Necr           18%        N/A       2%          4
 Agony                    Necr           36%        N/A       6%          5
 Summon Small Mammal      Summ           20%        N/A       11%         1
 Call Canine Familiar     Summ           5%         N/A       28%         3
 Summon Guardian Golem    Hex/Summ       5%         N/A       28%         3


Dungeon Overview and Level Annotations

Branches:
Dungeon (6/15)             Temple (1/1) D:5

Altars:
Cheibriados
Dithmenos
Elyvilon
Fedhas
Gozag
Hepliaklqana
Kikubaaqudgha
Nemelex Xobeh
Okawaru
Qazlal
Ru
Sif Muna
Trog
Uskayaw
Vehumet
Xom
Zin
The Shining One

Shops:
D:1 [:[(   D:6 !


Innate Abilities, Weirdness & Mutations

You are immune to poison.
Your flesh is cold resistant. (rC+)
You are immune to negative energy. (rN+++)
You are immune to unholy pain and torment.
You are vulnerable to heat. (rF-)
You do not drink.


Message History

The gnoll hits you but does no damage.
You hit the gnoll.
The gnoll is almost dead.
The gnoll hits you with a +0 flail!
You hit the gnoll but do no damage.
The gnoll is almost dead.
The gnoll barely misses you.
Casting: Pain (safe; 1% risk of failure)
Confirm with . or Enter, or press ? or * to list all spells.
Aiming: Vampiric Draining (safe; 1% risk of failure)
Press: ? - help, Shift-Dir - straight line, f - gnoll
Aim: a gnoll, wielding a +0 flail (almost dead)
You draw life force from the gnoll!
You kill the gnoll!
Kikubaaqudgha accepts your kill.
Casting: Vampiric Draining (safe; 1% risk of failure)
Confirm with . or Enter, or press ? or * to list all spells.
Okay, then.
You barely miss the wyvern zombie. The wyvern zombie bites you!
The wyvern zombie bites you.
You slash the wyvern zombie!
The wyvern zombie is moderately damaged.
The wyvern zombie bites you!
* * * LOW HITPOINT WARNING * * *
The wyvern zombie closely misses you. The wyvern zombie closely misses you.
The wyvern zombie bites you!
* * * LOW HITPOINT WARNING * * *
The wyvern zombie misses you. The wyvern zombie barely misses you.
The bullfrog zombie closely misses you.
There is an open door here.
The wyvern zombie bites you!
* * * LOW HITPOINT WARNING * * *
Found 3 scrolls labelled FEVYQINIEPS.
The wyvern zombie misses you. The wyvern zombie bites you.
* * * LOW HITPOINT WARNING * * *
The wyvern zombie bites you.
You die...
Kikubaaqudgha rasps: "You have failed me!
Welcome... oblivion!"

#.........#
########.........#
#................#
+....?...........#
#................#
+..<.............#
#...............#
+..........ZZ@^.#
#......#+#.....#
#......#.#.....######
#....Z.#.#.......)..#
#......#>#.....####.#
#......'.'.....# #.#
+.+ #'####.'.'.....#
#Z# #.#
#.######∩#.....# #.#
+.+ #...#
#.#.########'########


You could see a bullfrog zombie and a wyvern zombie.

Vanquished Creatures
  Pikel (D:4)
  Grinder (D:5)
  2 yaks (D:4)
  An acid dragon (D:6)
  Edmund (D:4)
  A water moccasin (D:4)
  An orc warrior (D:3)
  Duvessa (D:5)
  2 necrophages (D:6)
  2 ogres
  A centaur (D:4)
  3 scorpions
  A water moccasin zombie (D:5)
  A water moccasin skeleton (D:4)
  Dowan (D:4)
  A hound (D:6)
  2 jellies
  4 orc wizards
  An iguana (D:5)
  Natasha (twice) (D:3)
  3 gnolls (D:6)
  5 adders
  An ufetubus (D:5)
  2 adder skeletons
  A worm (D:3)
  2 dart slugs
  23 orcs
  11 ball pythons
  4 endoplasms
  4 giant cockroaches
  7 goblins
  3 hobgoblins
  3 quokkas
  5 bats
  3 frilled lizards
  6 kobolds
  A quokka skeleton (D:4)
  5 rats
119 creatures vanquished.

Vanquished Creatures (collateral kills)
  A yak (D:4)
  A lemure (D:4)
  Natasha (D:3)
  A ball python (D:1)
  A frilled lizard (D:3)
5 creatures vanquished.

Grand Total: 124 creatures vanquished

Notes
Turn   | Place    | Note
-------+----------+-------------------------------------------
     0 | D:1      | herbaltea the Mummy Necromancer began the quest for the
                  | Orb.
     0 | D:1      | Reached XP level 1. HP: 13/13 MP: 4/4
    12 | D:1      | Learned a level 1 spell: Animate Skeleton
    74 | D:1      | Found Nimo's Armour Boutique.
   205 | D:1      | Found Lainath's Antique Weapon Shop.
   360 | D:1      | Found Sehabben's Book Shop.
   367 | D:1      | Reached XP level 2. HP: 19/19 MP: 2/5
   714 | D:1      | You fall into a shaft and drop 1 floor!
   892 | D:1      | Found a faded altar of an unknown god.
   960 | D:1      | Found Kylug's Antique Armour Boutique.
  1145 | D:2      | Found a hazy altar of Hepliaklqana.
  1201 | D:2      | Reached XP level 3. HP: 25/25 MP: 4/7
  1363 | D:2      | Reached skill level 1 in Fighting
  1645 | D:2      | Learned a level 3 spell: Vampiric Draining
  1697 | D:3      | Noticed Natasha
  1873 | D:3      | Found a sacrificial altar of Ru.
  1888 | D:3      | Killed Natasha
  1889 | D:3      | Reached skill level 5 in Necromancy
  1889 | D:3      | Reached XP level 4. HP: 26/32 MP: 1/8
  2094 | D:3      | Noticed Natasha
  2100 | D:3      | Killed Natasha
  2218 | D:3      | Noticed an orc warrior
  2278 | D:3      | Noticed Natasha
  2283 | D:3      | Killed Natasha
  2284 | D:3      | Reached XP level 5. HP: 28/37 MP: 4/10
  2463 | D:3      | Killed an orc warrior
  2464 | D:3      | Reached skill level 6 in Necromancy
  3391 | D:3      | Reached XP level 6. HP: 24/44 MP: 2/12
  4046 | D:4      | Noticed Edmund
  4442 | D:4      | Killed Edmund
  4443 | D:4      | Reached skill level 1 in Armour
  4555 | D:4      | Noticed Pikel
  4566 | D:4      | Killed Pikel
  4567 | D:4      | Reached skill level 5 in Spellcasting
  4567 | D:4      | Reached skill level 7 in Necromancy
  4567 | D:4      | Reached XP level 7. HP: 52/52 MP: 0/14
  4871 | D:5      | Entered Level 5 of the Dungeon
  4902 | D:4      | Reached XP level 8. HP: 22/58 MP: 0/15
  5668 | D:5      | Identified the +3 leather armour "Teusess" {rPois Int+2
                  | Dex-5}
  5738 | D:5      | Noticed Dowan
  5741 | D:5      | Noticed Duvessa
  5754 | D:5      | Killed Duvessa
  5928 | D:4      | Killed Dowan
  6058 | D:5      | Noticed Grinder
  6228 | D:5      | Found a bloodstained altar of Trog.
  6247 | D:5      | Paralysed by Grinder for 7 turns
  6285 | D:5      | Paralysed by Grinder for 3 turns
  6634 | D:5      | Found a staircase to the Ecumenical Temple.
  6954 | D:5      | Paralysed by Grinder for 6 turns
  6970 | D:5      | Paralysed by Grinder for 6 turns
  7004 | D:5      | Paralysed by Grinder for 7 turns
  7035 | D:5      | Paralysed by Grinder for 2 turns
  7044 | D:5      | Paralysed by Grinder for 6 turns
  7060 | D:5      | Paralysed by Grinder for 4 turns
  7074 | D:5      | Killed Grinder
  7075 | D:5      | Reached skill level 8 in Necromancy
  7226 | Temple   | Entered the Ecumenical Temple
  7411 | Temple   | Became a worshipper of Kikubaaqudgha
  7739 | D:4      | Reached XP level 9. HP: 55/65 MP: 18/18
  8991 | D:6      | Found Xaataju's Distillery.
  9044 | D:6      | Reached skill level 9 in Necromancy
  9134 | D:6      | HP: 2/67 [wyvern zombie (8)]
  9141 | D:6      | HP: 1/67 [wyvern zombie (3)]
  9144 | D:6      | Slain by a wyvern zombie

Illustrated notes

Levels and vault maps discovered:
D:1:      lightli_arrival_statue_moat, layout_basic, serial_shops,
          nicolae_shop_window_shopping, nicolae_lakefront_shop, shop,
          nicolae_shop_statue_plus, shapermc_ecumenical_altar_acropolis,
          minmay_tromino_mix6
D:2:      layout_rooms, basic_altar
D:3:      layout_loops_ring, nicolae_ru_awakened_eye,
          minmay_fractal_squares_gapless_5, uniq_natasha
D:4:      layout_basic, uniq_edmund, uniq_pikel
D:5:      layout_loops_ring, mainiacjoe_overflow_concentric_impassable,
          minmay_temple_entry_junction, uniq_grinder, uniq_duvessa
D:6:      layout_basic, lemuel_mausoleum_altar_yredelemnul, serial_shops,
          nicolae_shop_hallway_stairs
Temple:   eino_temple_rhombus

Skill      XL: |  1  2  3  4  5  6  7  8  9 |
---------------+----------------------------+-----
Fighting       | 1 3 4 |  4.9
Spellcasting   | 3 4 5 6 |  6.9
Necromancy     | 5 6 7 8 9 |  9.0
Stealth        | 2 3 4 |  4.5
Armour         | 1 |  1.3
Dodging        | 2 3 4 |  4.1
Axes           | |  0.9
Throwing       | |  0.4

Action                   |  1- 3 |  4- 6 |  7- 9 || total
-------------------------+-------+-------+-------++-------
Melee: Short sword       |    14 |     2 |       ||    16
       Hand axe          |       |    83 |   114 ||   197
       Punch             |       |     2 |     4 ||     6
       Whip              |       |       |    38 ||    38
 Fire: Shortbow          |       |       |     3 ||     3
Throw: Dart              |       |    16 |       ||    16
 Cast: Pain              |    76 |    57 |    59 ||   192
       Animate Skeleton  |     3 |     6 |    11 ||    20
       Vampiric Draining |       |    12 |    38 ||    50
 Stab: Sleeping          |       |     1 |       ||     1
Armor: Robe              |     7 |       |       ||     7
       Ring mail         |       |    32 |    75 ||   107
       Leather armour    |       |     2 |       ||     2
Dodge: Dodged            |    26 |    65 |   128 ||   219

Table legend: (Time is in decaauts)
 A = Elapsed time spent in this place.
 B = Non-inter-level travel time spent in this place.
 C = Inter-level travel time spent in this place.
 D = Time resting spent in this place.
 E = Time spent auto-exploring this place.
 F = Levels seen in this place.
 G = Mean time per level.
                   A        B        C        D        E       F      G
               +--------+--------+--------+--------+--------+-----+--------+
         Total |   9231 |   8862 |    369 |   3316 |   3429 |   7 | 1318.7 |
       Dungeon |   9029 |   8698 |    331 |   3316 |   3280 |   6 | 1504.8 |
        Temple |    201 |    163 |     38 |      0 |    149 |   1 |  201.0 |
               +--------+--------+--------+--------+--------+-----+--------+

Top non-repeatable levels by time:
     D:4: 2290 daAuts
     D:3: 2073 daAuts
     D:5: 2007 daAuts
     D:1: 1099 daAuts
     D:6: 907 daAuts
     D:2: 651 daAuts
  Temple: 201 daAuts
